 Dungeon Crawl Stone Soup version 0.21.0-3-g78d12a8 (webtiles) character file.

4492 Monsterracer the Basher (level 10, -2/97 (98) HPs)
             Began as a Naga Chaos Knight on Jan 13, 2018.
             Slain by a sixfirhy (11 damage)
             ... summoned by the capriciousness of Xom
             ... on level 8 of the Dungeon.
             The game lasted 00:18:47 (10925 turns).

Monsterracer the Basher (Naga Chaos Knight)        Turns: 10925, Time: 00:18:47

HP:   -2/97 (98)    AC:  9    Str: 17    XL:     10   Next: 38%
MP:   10/10         EV:  9    Int: 15    God:    Xom [......]
Gold: 423           SH:  0    Dex: 10    Spells: 9/9 levels left

rFire    + . .     SeeInvis +   a - +1 morningstar (crush)
rCold    . . .     Gourm    .   (no shield)
rNeg     . . .     Faith    .   h - +2 leather armour
rPois    +         Spirit   .   e - +0 hat
rElec    .         Reflect  .   (no cloak)
rCorr    .         Harm     .   x - +1 pair of gloves
MR       +....                  (no barding)
Stlth    ++........             (no amulet)
HPRegen  0.26/turn              d - ring of protection from fire {!d}
MPRegen  0.12/turn              k - +3 ring of intelligence

@: very slow
A: large, see invisible, deformed body, dopey 1, poison resistance, screaming 1,
slowness 2, slow metabolism 1, spit poison 1, AC +3
a: Spit Poison, Renounce Religion


You were on level 8 of the Dungeon.
You worshipped Xom.
You were a very special plaything of Xom.
You were not hungry.

You visited 1 branch of the dungeon, and saw 8 of its levels.

You collected 423 gold pieces.

Inventory:

Hand Weapons
 a - a +1 morningstar of crushing (weapon)
Armour
 e - a +0 hat (worn)
 h - a +2 leather armour (worn)
 x - a +1 pair of gloves (worn)
Jewellery
 d - a ring of protection from fire (left hand) {!d}
 i - an uncursed ring of fire
 k - a +3 ring of intelligence (right hand)
Wands
 g - a wand of paralysis (16)
 m - a wand of polymorph (12)
 p - a wand of flame (11)
Scrolls
 f - 5 scrolls of remove curse
 o - 3 scrolls of enchant weapon
 q - 4 scrolls of teleportation
 u - a scroll of fear {!r}
Potions
 b - 2 potions of might
 j - 2 potions of lignification
 l - 4 potions of heal wounds
 n - 2 potions of brilliance
 r - 3 potions of cancellation
 s - a potion of magic
 t - a potion of haste
 v - a potion of curing
 w - a potion of flight {unknown}
Comestibles
 c - 19 rations


   Skills:
 + Level 8.9 Fighting
   Level 5.1(8.7) Axes
 * Level 10.8(11.2) Maces & Flails
 - Level 2.0 Armour
 - Level 0.7 Dodging
 - Level 5.3 Stealth


You had 9 spell levels left.
You didn't know any spells.

Dungeon Overview and Level Annotations

Branches:
Dungeon (8/15)             Temple (0/1) D:4
   Lair: D:8-11

Altars:
Elyvilon
Gozag
Makhleb
Okawaru
Qazlal
Wu Jian
Xom

Shops:
D:3 *


Innate Abilities, Weirdness & Mutations

You cannot wear boots.
Your serpentine skin is tough. (AC +3)
You have supernaturally acute eyesight. (SInv)
Armour fits poorly on your strangely shaped body.
Your system is resistant to poisons. (rPois)
You cover ground very slowly.
You have a slow metabolism.
You can spit poison.
You are dopey. (Int -2)
You occasionally shout uncontrollably at your foes.


Message History

* * * LOW HITPOINT WARNING * * *
The two-headed ogre hits you with a dire flail!
* * * LOW HITPOINT WARNING * * *
You take 15 damage, and have 26/97 hp.
You puncture the two-headed ogre!
The two-headed ogre is almost dead.
You kill the two-headed ogre!
The worker ant struggles against the net. x2
Unknown command.
The worker ant struggles against the net.
The net rips apart, and the worker ant comes free!
Things that are here:
a giant club; a dire flail; a two-headed ogre corpse You hit the worker ant.
The worker ant is lightly wounded.
You have got your breath back.
The worker ant bites you but does no damage.
You closely miss the worker ant.
The worker ant is lightly wounded.
The worker ant bites you but does no damage.
You barely miss the worker ant.
The worker ant is lightly wounded.
The worker ant completely misses you.
Unknown command.
You closely miss the worker ant.
The worker ant is lightly wounded.
The worker ant bites you.
* * * LOW HITPOINT WARNING * * *
You take 6 damage, and have 22/97 hp.
You closely miss the worker ant.
The worker ant is lightly wounded.
The worker ant barely misses you. The worker ant bites you.
* * * LOW HITPOINT WARNING * * *
You take 4 damage, and have 18/97 hp.
You closely miss the worker ant.
The worker ant is lightly wounded.
The worker ant misses you.
Unknown command.
You hit the worker ant.
The worker ant is heavily wounded.
The worker ant bites you.
* * * LOW HITPOINT WARNING * * *
You take 1 damage, and have 17/97 hp.
You barely miss the worker ant.
The worker ant is heavily wounded.
The worker ant bites you but does no damage.
Unknown command.
You puncture the worker ant!
You kill the worker ant!
You see here a worker ant corpse.
You butcher the worker ant corpse.
w - 2 chunks of flesh
Things that are here:
a giant club; a dire flail; a two-headed ogre corpse You start resting.
Eating one of 2 chunks of flesh.
You eat one of the 2 chunks of flesh.
This raw flesh tastes terrible.
You start resting.
All of the chunks of flesh in your inventory have rotted away. "Let me alter your body."
Your body is suffused with distortional energy.
You feel the urge to shout.
You feel stupid.
You regained 62 hp, and now have 81/97 hp.
HP restored.
Things that are here:
a giant club; a dire flail; a two-headed ogre skeleton You now have 423 gold pieces (gained 19).
w - a fizzy silvery potion Health restored: 97 You see here a jackal skeleton.
There is a stone staircase leading down here.
Found an escape hatch in the ceiling.
No target in view!
c - 19 rations (gained 1) Xom's attention turns to you for a moment.
Something forms from out of thin air!
A sixfirhy is nearby!
You miss the sixfirhy. The sixfirhy hits you. The sixfirhy shocks you!
The sixfirhy hits you! The sixfirhy shocks you!
The sixfirhy hits you but does no damage.
The sixfirhy hits you! The sixfirhy shocks you!
* * * LOW HITPOINT WARNING * * *
You take 51 damage, and have 46/97 hp.
MASSIVE DAMAGE!!
Evoke which item? (* to show all) (? for menu, Esc to quit)
Aiming: Paralyse
Press: ? - help, Shift-Dir - straight line, f - sixfirhy
Aim: a sixfirhy (summoned, chance to defeat MR: 15%)
The sixfirhy resists with almost no effort.
The sixfirhy hits you.
* * * LOW HITPOINT WARNING * * *
The sixfirhy shocks you!
* * * LOW HITPOINT WARNING * * *
The sixfirhy hits you!
* * * LOW HITPOINT WARNING * * *
The sixfirhy shocks you!
* * * LOW HITPOINT WARNING * * *
The sixfirhy hits you.
* * * LOW HITPOINT WARNING * * *
The sixfirhy shocks you!
You die...

####.# .# .)...# .#
.######+####
...........##
.#..........##
.....#.......#
...รทรท#.###...#####
.......###.....3.#
#.##.>.....###.#@#
#.#####....# #..#.#
..# #.##.# #.###.#
### ........... .#
.......##### #
#......<# #.......#
#.......#


You could see a sixfirhy.

Vanquished Creatures
  A two-headed ogre (D:8)
  Pikel (D:5)
  Grinder (D:6)
  A hungry ghost (D:7)
  An ice beast (D:8)
  An orc warrior (D:7)
  2 black bears
  A necrophage (D:7)
  2 sky beasts (D:7)
  2 ogres
  2 centaurs (D:7)
  4 phantoms
  3 bullfrogs
  2 scorpions
  5 killer bees (D:8)
  2 crimson imps
  4 hounds
  A bullfrog skeleton (D:7)
  6 orc priests
  8 orc wizards
  A centaur skeleton (D:7)
  Terence (D:2)
  Ijyb (D:3)
  An iguana (D:7)
  9 worker ants
  Robin (D:3)
  A gnoll (D:1)
  11 adders
  A shadow imp (D:7)
  An ooze (D:1)
  2 adder skeletons
  5 worms
  8 dart slugs
  3 leopard geckos
  23 orcs
  A ball python (D:5)
  7 bats
  5 giant cockroaches
  17 goblins
  8 hobgoblins
  11 jackals
  2 quokkas (D:2)
  7 frilled lizards
  7 kobolds
  10 rats
194 creatures vanquished.

Vanquished Creatures (collateral kills)
  An ogre (D:6)
  An orc wizard (D:4)
  An adder (D:4)
3 creatures vanquished.

Vanquished Creatures (others)
  Blork the orc (D:5)
  A bullfrog (D:5)
  A giant cockroach (D:5)
3 creatures vanquished.

Grand Total: 200 creatures vanquished

Notes
Turn   | Place    | Note
-------+----------+-------------------------------------------
     0 | D:1      | Monsterracer the Naga Chaos Knight began the quest for the Orb.
     0 | D:1      | Reached XP level 1. HP: 21/21 MP: 1/1
   161 | D:1      | Reached XP level 2. HP: 26/28 MP: 2/2
   298 | D:1      | HP: 12/28 [gnoll/flail (6)]
   303 | D:1      | Reached XP level 3. HP: 10/34 MP: 3/3
   303 | D:1      | HP: 6/34 [dart slug/slug dart (4)]
   308 | D:1      | HP: 5/34 [bat (1)]
   639 | D:1      | XOM: divination: detect creatures
   982 | D:1      | Reached XP level 4. HP: 36/42 MP: 4/4
  1241 | D:1      | XOM: scenery: create altars
  1598 | D:2      | Noticed Terence
  1628 | D:2      | Killed Terence
  1728 | D:2      | XOM: harmless Fire miscast
  1758 | D:2      | Reached XP level 5. HP: 44/50 MP: 5/5
  1814 | D:2      | XOM: cast spell 'Cause Fear'
  2559 | D:3      | XOM: stealth player
  2652 | D:3      | Noticed Robin
  2667 | D:3      | XOM: mild Conj miscast
  2671 | D:3      | HP: 22/50 [Robin/whip (4)]
  2672 | D:3      | Killed Robin
  2672 | D:3      | Reached skill level 5 in Axes
  2672 | D:3      | Reached skill level 1 in Stealth
  2677 | D:3      | HP: 16/50 [goblin/dagger of freezing[Robin] (1)]
  2926 | D:3      | Found Gozag's Platinum Reserve.
  2927 | D:3      | Found an opulent altar of Gozag.
  2996 | D:3      | HP: 25/50 [orc/morningstar of crushing (1)]
  3004 | D:3      | HP: 15/50 [orc/flail (3)]
  3022 | D:3      | HP: 16/50 [orc/short sword (3)]
  3287 | D:3      | Found a white marble altar of Elyvilon.
  3305 | D:3      | Noticed Ijyb
  3310 | D:3      | Paralysed by Ijyb for 2 turns
  3317 | D:3      | Paralysed by Ijyb for 4 turns
  3325 | D:3      | Killed Ijyb
  3552 | D:3      | XOM: medium Air miscast
  3713 | D:3      | Found an iron altar of Okawaru.
  3821 | D:3      | XOM: noise
  3836 | D:3      | XOM: noise
  3915 | D:3      | Reached skill level 1 in Maces & Flails
  3926 | D:3      | XOM: cloud trail
  3927 | D:3      | Reached XP level 6. HP: 57/57 MP: 6/6
  4161 | D:3      | HP: 28/57 [poisoned by an adder]
  4167 | D:3      | HP: 27/58 [poisoned by an adder]
  4319 | D:4      | HP: 27/58 [orc wizard/magic dart (7)]
  4323 | D:4      | HP: 8/58 [orc wizard/magic dart (7)]
  4331 | D:3      | HP: 3/58 [orc/flail (4)]
  4423 | D:3      | XOM: harmless Fire miscast
  4464 | D:3      | XOM: scenery: 1 doors close
  4622 | D:4      | XOM: summons 6 friendly demons
  4651 | D:4      | Reached skill level 2 in Maces & Flails
  4962 | D:4      | XOM: 12-stop teleportation journey
  4981 | D:4      | Found a staircase to the Ecumenical Temple.
  5022 | D:4      | XOM is BORED!
  5125 | D:4      | XOM: cloud trail
  5526 | D:4      | Found a stormy altar of Qazlal.
  5551 | D:4      | HP: 29/58 [orc/club (1)]
  5866 | D:5      | Entered Level 5 of the Dungeon
  5866 | D:5      | XOM: harmless Tmut miscast
  5920 | D:5      | Noticed a slave
  5921 | D:5      | Noticed Pikel
  5922 | D:5      | Noticed a slave
  5923 | D:5      | Noticed a slave
  5924 | D:5      | Noticed a slave
  5927 | D:5      | HP: 27/58 [Pikel/whip of electrocution (8)]
  5936 | D:5      | Killed Pikel
  5936 | D:5      | Reached skill level 5 in Fighting
  5936 | D:5      | Reached skill level 4 in Maces & Flails
  5936 | D:5      | Reached skill level 5 in Stealth
  5936 | D:5      | Reached XP level 7. HP: 19/67 MP: 7/7
  6010 | D:5      | Killed Blork the orc
  6083 | D:5      | XOM: cloud trail
  6183 | D:5      | Reached XP level 8. HP: 72/75 MP: 8/8
  6295 | D:5      | Reached skill level 5 in Maces & Flails
  6872 | D:5      | XOM: harmless Air miscast
  6970 | D:6      | XOM: divination: detect creatures
  6971 | D:6      | XOM: harmless Tloc miscast
  7020 | D:6      | XOM: divination: magic mapping
  7033 | D:6      | XOM: silly message
  7136 | D:6      | Reached skill level 6 in Maces & Flails
  7215 | D:6      | XOM: cast spell 'Call Canine Familiar'
  7217 | D:6      | HP: 22/76 [ogre/giant spiked club (18)]
  7229 | D:6      | HP: 24/76 [orc wizard/dagger (1)]
  7236 | D:6      | HP: 19/76 [orc/short sword (3)]
  7239 | D:6      | XOM: noise
  7246 | D:6      | HP: 17/76 [orc (4)]
  7252 | D:6      | HP: 16/76 [orc/hand axe (2)]
  7645 | D:6      | Noticed Grinder
  7655 | D:6      | Paralysed by Grinder for 7 turns
  7666 | D:6      | HP: 35/76 [Grinder (5)]
  7668 | D:6      | Killed Grinder
  7831 | D:6      | XOM is BORED!
  7842 | D:6      | XOM: 1-stop teleportation journey
  7902 | D:6      | Reached skill level 7 in Maces & Flails
  7986 | D:6      | Reached XP level 9. HP: 84/85 MP: 9/9
  8194 | D:6      | HP: 33/85 [orc priest/divine providence (10)]
  8201 | D:6      | HP: 21/85 [orc wizard/magic dart (2)]
  8462 | D:6      | XOM: noise
  8572 | D:7      | XOM: mild Pois miscast
  8588 | D:7      | Reached skill level 8 in Maces & Flails
  8692 | D:7      | XOM: noise
  8736 | D:7      | XOM: divination: detect creatures
  8738 | D:7      | HP: 36/86 [orc priest/divine providence (13)]
  8744 | D:7      | HP: 21/86 [orc priest/divine providence (16)]
  8749 | D:7      | XOM: divination: detect creatures
  8750 | D:7      | HP: 14/86 [adder (1)]
  8757 | D:7      | HP: 11/86 [adder (4)]
  8786 | D:7      | HP: 15/86 [orc wizard/puff of flame (3)]
  8793 | D:7      | HP: 12/86 [orc wizard/dagger (4)]
  8954 | D:7      | HP: 43/86 [phantom (6)]
  8960 | D:7      | HP: 41/86 [phantom (3)]
  8980 | D:7      | HP: 40/86 [phantom (4)]
  8996 | D:7      | HP: 40/86 [phantom (3)]
  9007 | D:7      | HP: 38/86 [phantom (5)]
  9213 | D:7      | Reached skill level 9 in Maces & Flails
  9216 | D:7      | XOM: potion effect (curing)
  9332 | D:7      | XOM: harmless Erth miscast
  9512 | D:7      | XOM: silly message
  9843 | D:7      | Found a burning altar of Makhleb.
  9967 | D:7      | XOM: silly message
 10097 | D:7      | Reached XP level 10. HP: 92/95 MP: 10/10
 10151 | D:7      | XOM: harmless Hex miscast
 10260 | D:8      | Reached skill level 10 in Maces & Flails
 10266 | D:8      | XOM: harmless Hex miscast
 10285 | D:8      | XOM: confusion (+ monsters)
 10488 | D:8      | Found an ornate altar of the Wu Jian Council.
 10566 | D:8      | Noticed a two-headed ogre
 10581 | D:8      | HP: 41/97 [two-headed ogre/giant club (11)]
 10585 | D:8      | Killed a two-headed ogre
 10590 | D:8      | HP: 22/97 [worker ant (6)]
 10838 | D:8      | XOM: give mutations
 10838 | D:8      | Gained mutation: You occasionally shout uncontrollably at your foes. [Xom's mischief]
 10838 | D:8      | Gained mutation: You are dopey. (Int -2) [Xom's mischief]
 10923 | D:8      | XOM: medium Summ miscast
 10924 | D:8      | Noticed a sixfirhy
 10924 | D:8      | HP: 46/97 [sixfirhy[the capriciousness of Xom] (10)]
 10925 | D:8      | HP: 21/97 [sixfirhy[the capriciousness of Xom] (11)]
 10925 | D:8      | HP: 9/97 [sixfirhy[the capriciousness of Xom] (3)]
 10925 | D:8      | Slain by a sixfirhy

Skill      XL: |  1  2  3  4  5  6  7  8  9 10 |
---------------+-------------------------------+-----
Armour         | 2 |  2.0
Axes           | 4 5 |  5.1
Fighting       | 4 5 6 8 |  8.9
Stealth        | 1 5 |  5.3
Maces & Flails | 1 4 7 9 10 | 10.8
Dodging        | |  0.7

Action                   |  1- 3 |  4- 6 |  7- 9 | 10-12 || total
-------------------------+-------+-------+-------+-------++-------
Melee: Hand axe          |    79 |   168 |       |       ||   247
       Morningstar       |       |   115 |    28 |    63 ||   206
       Whip              |       |       |   277 |       ||   277
Throw: Throwing net      |       |       |       |     1 ||     1
 Abil: Spit Poison       |     5 |    25 |    31 |     9 ||    70
Evoke: Wand              |       |       |       |     1 ||     1
  Use: Scroll            |       |     9 |     7 |     1 ||    17
 Stab: Sleeping          |       |     2 |     4 |     1 ||     7
       Distracted        |       |       |     1 |       ||     1
  Eat: Chunk             |       |    14 |    14 |     4 ||    32
Armor: Leather armour    |    34 |   140 |    79 |    37 ||   290
Dodge: Dodged            |    49 |   149 |    94 |    43 ||   335

Vault maps used:
D:1:      minmay_arrival_plants_in_alcoves, minmay_vboxes
D:2:      uniq_terence
D:3:      nicolae_gozag_zags_fifth_avenue, okawaru_trees_2,
          nicolae_overflow_crystal_walls, first_ration, uniq_ijyb, uniq_robin
D:4:      minmay_temple_entry_butterflies, grunt_qazlal_clouds
D:5:      hangedman_decor_slide_cut, uniq_blork_the_orc, uniq_pikel
D:6:      uniq_grinder
D:7:      lightli_temple_of_fire, grunt_ogre_cave, kennysheep_decorative_pillar,
          hangedman_abyss_or_decor_lesser_grid
D:8:      overflow_temple_1_default, lemuel_crystal_altar, guppyfry_shop_venom
